 Dungeon Crawl Stone Soup version 0.28.0-62-gf88900778d (webtiles) character file.

Game seed: 7916144629946295462

697 cbfl8 the Chopper (level 7, -2/55 (60) HPs)
             Began as a Hill Orc Fighter on May 26, 2023.
             Was a Follower of Beogh.
             Slain by a wight
             ... wielding a +0 dire flail
              (9 damage)
             ... on level 5 of the Dungeon.
             The game lasted 00:04:57 (5049 turns).

cbfl8 the Chopper (Hill Orc Fighter)                Turns: 5049, Time: 00:04:57

HP:   -2/55 (60)    AC: 13    Str: 27    XL:     7   Next: 65%
MP:   7/7           EV:  7    Int:  8    God:    Beogh [*.....]
Gold: 187           SH:  4    Dex: 10    Spells: 6/6 levels left

rFire   . . .      SeeInvis .   a - +0 war axe
rCold   . . .      Faith    .   c - +0 buckler
rNeg    . . .      Spirit   .   s - +0 plate armour
rPois   .          Reflect  .   (no helmet)
rElec   .          Harm     .   r - scarf {+Inv}
rCorr   .          Rampage  .   (no gloves)
Will    .....                   q - +0 pair of boots
Stlth   ..........              (no amulet)
HPRegen 0.18/turn               i - +6 ring of strength
MPRegen 0.10/turn               (no ring)

@: mighty, drained
A: no striking features
a: Renounce Religion, Evoke Invisibility


You were on level 5 of the Dungeon.
You worshipped Beogh.
Beogh was aware of your devotion.
You visited 1 branch of the dungeon, and saw 5 of its levels.

You collected 187 gold pieces.

Inventory:

Hand Weapons
 a - a +0 war axe (weapon)
Armour
 c - a +0 buckler (worn)
 q - a +0 pair of boots (worn)
 r - a scarf of invisibility (worn)
 s - a +0 plate armour (worn)
Jewellery
 i - a +6 ring of strength (left hand)
Wands
 p - a wand of flame (26)
Scrolls
 e - 2 scrolls of magic mapping {unknown}
 f - 2 scrolls of amnesia {unknown}
 g - 3 scrolls of teleportation {unknown}
 h - a scroll of immolation {unknown}
 j - 2 scrolls of fear {unknown}
 k - 3 scrolls of identify {unknown}
 l - a scroll of noise {unknown}
 m - a scroll of fog {unknown}
 o - a scroll of enchant weapon {unknown}
Potions
 d - a potion of might
 n - a potion of heal wounds {unknown}


   Skills:
 + Level 4.5 Fighting
 + Level 6.3 Axes
 + Level 5.4 Armour
 + Level 1.1 Dodging
 + Level 0.2 Stealth
 + Level 4.5 Shields
 * Level 3.3 Evocations


You had 6 spell levels left.
You didn't know any spells.
Your spell library contained the following spells:

 Spells                   Type           Power      Damage    Failure   Level
 Animate Skeleton         Necr           0%         N/A       100%        1
 Pain                     Necr           0%         1d4       100%        1
 Sting                    Tmut/Pois      0%         1d3       100%        1
 Poisonous Vapours        Pois/Air       0%         N/A       100%        2
 Gell's Gravitas          Tloc           0%         N/A       100%        3
 Lesser Beckoning         Tloc           0%         N/A       100%        3
 Teleport Other           Tloc           0%         N/A       100%        3
 Vampiric Draining        Necr           0%         2d6       100%        3
 Olgreb's Toxic Radiance  Pois           0%         N/A       100%        4


Dungeon Overview and Level Annotations

Branches:
Dungeon (5/15)
 Temple: D:4-7

Altars:
Qazlal


Message History

You destroy the wight!
Beogh accepts your kill.
You hit the wight.
The wight is moderately damaged.
The wight hits you with a +0 great sword!
You feel drained.
You closely miss the wight.
The wight is moderately damaged.
The wight hits you with a +0 great sword!
The wight hits you with a +0 great sword.
You feel drained.
You barely miss the wight.
The wight is moderately damaged.
The wight hits you with a +0 great sword!
* * * LOW HITPOINT WARNING * * *
You feel very mighty all of a sudden. The wight hits you but does no damage.
You slice the wight!!
You destroy the wight!
Beogh accepts your kill.
You hit the wight but do no damage. The wight completely misses you.
The wight hits you with a +0 dire flail.
* * * LOW HITPOINT WARNING * * *
You feel drained.
You completely miss the wight.
The wight hits you with a +0 dire flail!
* * * LOW HITPOINT WARNING * * *
You feel drained.
* * * LOW HITPOINT WARNING * * *
You closely miss the wight. The wight hits you but does no damage.
You hit the wight.
The wight is moderately damaged.
The wight closely misses you.
You closely miss the wight.
The wight is moderately damaged.
The wight hits you but does no damage. The wight barely misses you.
You closely miss the wight.
The wight is moderately damaged.
The wight hits you with a +0 dire flail!
You die...

########.###.#
.........# #.########
#####....###.........
#.##.....########
#.######.#########
#.# ###...#.......
#.# #.......# #.#
#.......######## #.#
#.......@z..)... #.#
#.#...#####.!...
#.##### ##. #.


You could see a wight.

Vanquished Creatures
  A necrophage (D:5)
  A water moccasin zombie (D:5)
  A water moccasin skeleton (D:4)
  2 wights (D:5)
  A hound (D:4)
  A jelly (D:4)
  A bullfrog skeleton (D:4)
  2 iguanas
  3 orc wizards
  8 gnolls
  6 adders
  2 dart slugs
  12 orcs
  8 endoplasms
  A giant cockroach (D:3)
  4 goblins
  8 hobgoblins
  2 jackals (D:3)
  4 kobolds
  2 quokkas
  4 ball pythons
  4 bats
  2 frilled lizards
  5 rats
85 creatures vanquished.

Vanquished Creatures (others)
  An adder (D:3)
  2 orcs (D:3)
  A kobold (D:3)
  55 plants (D:2)
59 creatures vanquished.

Grand Total: 144 creatures vanquished

Notes
Turn   | Place    | Note
-------+----------+-------------------------------------------
     0 | D:1      | cbfl8 the Hill Orc Fighter began the quest for the Orb.
     0 | D:1      | Reached XP level 1. HP: 19/19 MP: 1/1
   101 | D:1      | Reached XP level 2. HP: 27/27 MP: 2/2
   106 | D:1      | Reached skill level 3 in Axes
   164 | D:1      | Found a faded altar of an unknown god.
   785 | D:2      | Reached XP level 3. HP: 29/33 MP: 3/3
   853 | D:2      | Reached skill level 4 in Axes
   858 | D:2      | Reached XP level 4. HP: 27/40 MP: 4/4
  1263 | D:2      | Found a stormy altar of Qazlal.
  1870 | D:2      | Reached skill level 1 in Evocations
  1870 | D:2      | Reached XP level 5. HP: 46/46 MP: 5/5
  1887 | D:3      | Became a worshipper of Beogh the Brigand
  1896 | D:3      | Reached skill level 5 in Axes
  2622 | D:3      | Reached XP level 6. HP: 30/52 MP: 6/6
  4202 | D:4      | Reached * piety under Beogh
  4203 | D:4      | Reached XP level 7. HP: 60/60 MP: 7/7
  4593 | D:4      | Reached skill level 1 in Dodging
  4667 | D:5      | Entered Level 5 of the Dungeon
  4827 | D:5      | Reached skill level 6 in Axes
  4827 | D:5      | Reached skill level 5 in Armour
  5049 | D:5      | Slain by a wight

Illustrated notes

Levels and vault maps discovered:
D:1:      mrwooster_arrival_statue, layout_rooms,
          shapermc_ecumenical_altar_totnotflames
D:2:      layout_rooms, serial_bayou, serial_bayou_lagoon_a,
          serial_bayou_shore_a, serial_bayou_pond_a, serial_bayou_shore_b,
          basic_altar
D:3:      layout_basic, grunt_ministairs_15
D:4:      layout_basic
D:5:      layout_loops_ring, minmay_temple_entry_butterflies,
          minmay_misc_feat_tiny

Skill      XL: |  1  2  3  4  5  6  7 |
---------------+----------------------+-----
Axes           | 3 4 5 6 |  6.3
Fighting       | 4 |  4.5
Evocations     | 1 2 3 |  3.3
Armour         | 4 5 |  5.4
Shields        | 4 |  4.5
Dodging        | 1 |  1.1
Stealth        | |  0.2

Action                   |  1- 3 |  4- 6 |  7- 9 || total
-------------------------+-------+-------+-------++-------
Melee: War axe           |    62 |   162 |    57 ||   281
Invok: Convert to Beogh  |       |     1 |       ||     1
  Use: Potion            |       |       |     1 ||     1
Armor: Scale mail        |    23 |    83 |       ||   106
       Plate armour      |       |       |    27 ||    27
Dodge: Dodged            |    38 |    81 |    16 ||   135
Block: Buckler           |    19 |    33 |    10 ||    62
